 Dungeon Crawl Stone Soup version 0.28-a0-1447-ga5a8893891 (webtiles) character file.

Game seed: 1412061349352173843

121 oldriver the Skirmisher (level 5, -7/42 HPs)
             Began as a Formicid Chaos Knight on Jan 11, 2022.
             Was a Plaything of Xom.
             Mangled by a phantom (11 damage)
             ... on level 4 of the Dungeon.
             The game lasted 00:02:19 (3169 turns).

oldriver the Skirmisher (Formicid Chaos Knight)     Turns: 3169, Time: 00:02:20

Health: -7/42      AC:  3    Str: 20    XL:     5   Next: 26%
Magic:  5/5        EV: 11    Int: 12    God:    Xom [......]
Gold:   126        SH:  3    Dex: 10    Spells: 4/4 levels left

rFire   . . .      SeeInvis +   a - +0 hand axe (chaos)
rCold   . . .      Faith    .   m - +0 buckler
rNeg    . . .      Spirit   .   b - +2 leather armour
rPois   .          Reflect  .   (helmet unavailable)
rElec   +          Harm     .   (no cloak)
rCorr   .          Rampage  .   (no gloves)
Will    +....                   (no boots)
Stlth   +.........              (no amulet)
HPRegen 0.14/turn               (no ring)
MPRegen 0.09/turn               (no ring)

@: no status effects
A: permanent stasis, dig shafts and tunnels, antennae 3, four strong arms,
deformed body, strong-willed 1, passive freeze, electricity resistance, strong 1
a: Dig, Shaft Self, Renounce Religion


You were on level 4 of the Dungeon.
You worshipped Xom.
You were a very special plaything of Xom.
You visited 1 branch of the dungeon, and saw 4 of its levels.

You collected 126 gold pieces.

Inventory:

Hand Weapons
 a - a +0 hand axe of chaos (weapon)
Armour
 b - a +2 leather armour (worn)
 m - a +0 buckler (worn)
Scrolls
 c - a scroll of identify {unknown}
 d - a scroll of enchant armour {unknown}
 f - 2 scrolls of noise {unknown}
 k - 2 scrolls of amnesia {unknown}
 l - 3 scrolls of enchant weapon {unknown}
 n - a scroll of immolation {unknown}
Potions
 e - a potion of cancellation {unknown}
 g - a potion of resistance {unknown}
 h - 2 potions of haste {unknown}
 i - a potion of heal wounds {unknown}
 j - a potion of curing {unknown}


   Skills:
 + Level 4.1 Fighting
 + Level 3.7 Axes
 + Level 3.2 Armour
 + Level 2.1 Dodging
 + Level 0.7 Shields


You had 4 spell levels left.
You didn't know any spells.
Your spell library contained the following spells:

 Spells                   Type           Power      Damage    Failure   Level
 Beastly Appendage        Tmut           0%         N/A       43%         1
 Wereblood                Tmut           0%         N/A       58%         2
 Spider Form              Tmut/Pois      0%         N/A       82%         3


Dungeon Overview and Level Annotations

Branches:
Dungeon (4/15)
 Temple: D:4-7

Altars:

Shops:
D:2 =   D:3 !(


Innate Abilities, Weirdness & Mutations

You cannot be hasted, slowed, berserked, paralysed or teleported.
You can dig through walls and to a lower floor.
You have a pair of large antennae on your head. (SInv)
Your four strong arms can wield two-handed weapons with a shield.
Armour fits poorly on your strangely shaped body.
You are strong-willed. (Will+)
A frigid envelope surrounds you and freezes all who hurt you.
You are resistant to electric shocks. (rElec)
Your muscles are strong. (Str +2)


Message History

The phantom is moderately damaged.
The phantom hits you.
The phantom completely resists.
You hit the phantom but do no damage.
The phantom flickers and vanishes for a moment.
The phantom is moderately damaged.
The phantom hits you but does no damage.
The phantom resists.
The phantom is very cold.
The phantom is moderately damaged.
You hit the phantom but do no damage.
The phantom is moderately damaged.
The phantom barely misses you.
You hit the phantom.
The phantom is heavily damaged.
You block the phantom's attack.
You hit the phantom. You burn the phantom.
The phantom is heavily damaged.
The phantom closely misses you.
You barely miss the phantom.
The phantom is heavily damaged.
The phantom hits you!
The phantom resists.
The phantom is very cold.
The phantom is heavily damaged.
You are too injured to fight recklessly!
You are too injured to fight recklessly!
You hit the phantom.
The phantom seems to grow stronger.
The phantom is severely damaged.
The phantom hits you!
* * * LOW HITPOINT WARNING * * *
The phantom completely resists.
You hit the phantom.
The phantom seems to speed up.
The phantom is almost destroyed.
The phantom closely misses you. The phantom barely misses you.
You barely miss the phantom.
The phantom is almost destroyed.
The phantom hits you.
* * * LOW HITPOINT WARNING * * *
The phantom closely misses you.
You closely miss the phantom.
The phantom is almost destroyed.
The phantom hits you!
You die...

...... #. . .##... #. ## ...#
. ...... #.. #.###..#.# #..
#.##..##..#.# #.#
.....#...#.############
.............. #......#.# #.
#..#..#W.##.##......#.. #
#.##.....@.....##....(.###
.###.#..<......##.##.........
...............#.##.......##
##......##.#####..........#
#...#..##.########.......#
#......##.#...........##.#+
#......##$#........).......
#....####.#...........###..
#....## #.#.........).# ..


You could see a phantom (fast, strong, invisible).

Vanquished Creatures
  A jelly (D:4)
  2 adders (D:2)
  An ufetubus (D:2)
  A worm (D:2)
  4 dart slugs
  An orc (D:4)
  7 ball pythons
  11 bats
  5 endoplasms
  A giant cockroach (D:1)
  8 hobgoblins
  8 kobolds
  4 frilled lizards
  5 rats
59 creatures vanquished.

Notes
Turn   | Place    | Note
-------+----------+-------------------------------------------
     0 | D:1      | oldriver the Formicid Chaos Knight began the quest for the
                  | Orb.
     0 | D:1      | Reached XP level 1. HP: 18/18 MP: 1/1
    42 | D:1      | XOM: silly message
    59 | D:1      | Reached skill level 1 in Dodging
   139 | D:1      | XOM: silly message
   192 | D:1      | Reached XP level 2. HP: 22/24 MP: 2/2
   427 | D:1      | XOM: divination: detect creatures
   644 | D:1      | XOM: stat loss: -1 Str (15/16)
   655 | D:1      | XOM: divination: detect items
   718 | D:1      | Reached XP level 3. HP: 29/29 MP: 3/3
  1207 | D:2      | XOM: confuse monster(s)
  1233 | D:2      | Reached XP level 4. HP: 37/37 MP: 4/4
  1596 | D:2      | XOM: give mutations
  1596 | D:2      | Gained mutation: Armour fits poorly on your strangely
                  | shaped body. [Xom's mischief]
  1596 | D:2      | Gained mutation: You are frail. (-10% HP) [Xom's mischief]
  1596 | D:2      | Lost mutation: You are frail. (-10% HP) [Xom's mischief]
  1628 | D:2      | Found a faded altar of an unknown god.
  2019 | D:2      | Found Kint's Jewellery Shoppe.
  2191 | D:3      | XOM: silly message
  2265 | D:3      | Reached skill level 4 in Fighting
  2501 | D:3      | Found Huemam's Distillery.
  2582 | D:3      | Found Vaomac's Antique Weapon Shoppe.
  2847 | D:2      | XOM: god gift: 13 stones
  2964 | D:4      | XOM: give mutations
  2964 | D:4      | Gained mutation: A frigid envelope surrounds you and
                  | freezes all who hurt you. [Xom's grace]
  2964 | D:4      | Gained mutation: Your muscles are strong. (Str +2) [Xom's
                  | grace]
  2964 | D:4      | Gained mutation: You are resistant to electric shocks.
                  | (rElec) [Xom's grace]
  2964 | D:4      | Gained mutation: You are strong-willed. (Will+) [Xom's
                  | grace]
  2971 | D:4      | Reached XP level 5. HP: 42/42 MP: 5/5
  3152 | D:4      | Noticed a phantom
  3169 | D:4      | Mangled by a phantom

Illustrated notes

Levels and vault maps discovered:
D:1:      dpeg_arrival_tiny_a, layout_basic
D:2:      layout_loops_ring, serial_shops, nicolae_shop_trees,
          basic_ecumenical_altar, kennysheep_small_spiral,
          amcnicky_mini_rare_corridor_liquid
D:3:      layout_basic, serial_shops, nicolae_shop_advertising_works
          [nicolae_subvault_shop_adworks], shop, grunt_ministairs_13,
          dk_vineyard_3
D:4:      layout_basic, minmay_temple_entry_enclosed_plants,
          small_statue_alley_b

Skill      XL: |  1  2  3  4 |
---------------+-------------+-----
Dodging        | 1 2 |  2.1
Armour         | 3 |  3.2
Fighting       | 4 |  4.1
Axes           | |  3.7
Shields        | |  0.7

Action                   |  1- 3 |  4- 6 || total
-------------------------+-------+-------++-------
Melee: Hand axe          |    77 |    76 ||   153
       Punch             |     1 |     2 ||     3
 Stab: Sleeping          |     1 |       ||     1
Armor: Leather armour    |    26 |    28 ||    54
Dodge: Dodged            |    41 |    46 ||    87
Block: Buckler           |       |     3 ||     3

Table legend: (Time is in decaauts)
 A = Elapsed time spent in this place.
 B = Non-inter-level travel time spent in this place.
 C = Inter-level travel time spent in this place.
 D = Time resting spent in this place.
 E = Time spent auto-exploring this place.
 F = Levels seen in this place.
 G = Mean time per level.
                   A        B        C        D        E       F      G
               +--------+--------+--------+--------+--------+-----+--------+
         Total |   3192 |   2889 |    303 |      0 |   2411 |   4 |  798.0 |
       Dungeon |   3192 |   2889 |    303 |      0 |   2411 |   4 |  798.0 |
               +--------+--------+--------+--------+--------+-----+--------+

Top non-repeatable levels by time:
     D:1: 1141 daAuts
     D:2: 1134 daAuts
     D:3: 689 daAuts
     D:4: 227 daAuts
